 Dungeon Crawl Stone Soup version 0.30-a0-49-g1cef19eb02 (webtiles) character file.

Game seed: 7559938746045882381

3936 Kinoniko the Cleaver (level 10, -2/138 HPs)
             Began as an Ogre Berserker on Sept 2, 2022.
             Was a Priest of Trog.
             Slain by a kobold demonologist
             ... wielding a +0 dagger
              (5 damage)
             ... on level 7 of the Dungeon.
             The game lasted 00:08:29 (9302 turns).

Kinoniko the Cleaver (Ogre Berserker)               Turns: 9302, Time: 00:08:30

Health: -2/138     AC:  3    Str: 27    XL:     10   Next: 21%
Magic:  10/10      EV: 10    Int:  8    God:    Trog [***...]
Gold:   304        SH:  0    Dex: 10    Spells: 9/9 levels left

rFire   . . .      SeeInvis .    a - +0 hand axe
rCold   + . .      Faith    .    (no shield)
rNeg    + + .      Spirit   .    b - +0 animal skin
rPois   +          Reflect  .    (helmet restricted)
rElec   .          Harm     .    (no cloak)
rCorr   .          Rampage  .    (gloves unavailable)
Will    +....                    (boots unavailable)
Stlth   ..........               w - amulet of the acrobat
HPRegen 0.33/turn                n - ring "Jofualin" {*Slow rPois rC+ rN++ Dex+2}
MPRegen 0.12/turn                (no ring)

@: berserking (expiring), spiked, slowed
A: large, unfitting armour, tough skin 1
a: Renounce Religion, Berserk, Trog's Hand


You were on level 7 of the Dungeon.
You worshipped Trog.
Trog was most pleased with you.
You visited 1 branch of the dungeon, and saw 7 of its levels.
You also visited: Sewer.

You collected 304 gold pieces.

Inventory:

Hand Weapons
 a - a +0 hand axe (weapon)
Missiles
 e - a throwing net (quivered)
Armour
 b - a +0 animal skin (worn)
 t - a +0 kite shield
Jewellery
 n - the ring "Jofualin" (left hand) {*Slow rPois rC+ rN++ Dex+2}
   (You found it on level 2 of the Dungeon)

   [ring of poison resistance]

   Dex:       It affects your dexterity (+2).
   rC:        It protects you from cold.
   rPois:     It protects you from poison.
   rN:        It greatly protects you from negative energy.
   *Slow:     It may slow you when you take damage.
 w - an amulet of the acrobat (around neck)
Wands
 m - a wand of charming (6)
 u - a wand of digging (2)
Scrolls
 d - 6 scrolls of teleportation
 f - 2 scrolls of fear
 i - 2 scrolls of enchant weapon
 j - a scroll of immolation
 v - a scroll of magic mapping {unknown}
 y - a scroll of summoning {unknown}
 z - 6 scrolls of identify
 A - a scroll of torment {unknown}
 C - a scroll of poison {unknown}
Potions
 c - 2 potions of heal wounds
 g - a potion of degeneration {unknown}
 h - 2 potions of flight {unknown}
 k - 4 potions of curing
 l - a potion of resistance {unknown}
 o - a potion of mutation {unknown}
 p - 6 potions of haste
 q - 2 potions of magic {unknown}
 r - a potion of cancellation {unknown}
 s - a potion of invisibility {unknown}
 x - a potion of attraction {unknown}
 B - a potion of brilliance {unknown}


   Skills:
 - Level 4.0 Fighting
 * Level 13.9 Axes
 - Level 2.6 Dodging
 + Level 4.1 Shields


You had 9 spell levels left.
You didn't know any spells.
Your spell library was empty.

Dungeon Overview and Level Annotations

Branches:
Dungeon (7/15)             Temple (0/1) D:6           Sewer (visited)

Altars:
Elyvilon
Fedhas
Hepliaklqana
Makhleb
Okawaru
Qazlal
Sif Muna
Trog
Uskayaw
Xom
Zin
The Shining One

Shops:
D:1 ?

Annotations:
D:5 2 transporters, Destapler's ghost, novice TrFi


Innate Abilities, Weirdness & Mutations

You are too large for most types of armour.
You have tough skin. (AC +1)


Message History

Barbed spikes become lodged in your body.
You closely miss the kobold demonologist.
The kobold demonologist is moderately wounded.
You barely miss the kobold demonologist.
You closely miss the kobold brigand.
The kobold brigand hits you with a +0 short sword!
* * * LOW HITPOINT WARNING * * *
The kobold demonologist closely misses you.
The kobold demonologist mumbles some strange words.
The red devil hits you from afar with a +0 trident!
* * * LOW HITPOINT WARNING * * *
Barbed spikes become lodged in your body.
You closely miss the kobold demonologist.
The kobold demonologist is moderately wounded.
You slash the kobold demonologist! You slash the kobold brigand!
Unknown command.
You hit the kobold demonologist but do no damage.
The kobold demonologist is moderately wounded.
You hit the kobold brigand.
You closely miss the kobold demonologist.
The kobold demonologist hits you with a +0 dagger.
* * * LOW HITPOINT WARNING * * *
The kobold demonologist miscasts a cantrip.
The red devil hits you from afar with a +0 trident!
* * * LOW HITPOINT WARNING * * *
Barbed spikes become lodged in your body.
The kobold brigand closely misses you.
You slash the kobold demonologist!
The kobold demonologist is severely wounded.
You hit the kobold demonologist but do no damage.
You hit the kobold brigand.
Unknown command.
Unknown command.
You miss the kobold demonologist.
The kobold demonologist is severely wounded.
You slash the kobold demonologist! You hit the kobold brigand.
You kill the kobold brigand!
Trog accepts your kill.
The kobold demonologist hits you with a +0 dagger.
You die...

.......#
.......#
##...##
.......#
##..)..##
......##
#.......#
.#...##
#.......#
####.#
#÷.5K..÷# #.#
#K4KK÷# #.#
#KK5# #.# #@#
#.##### #.#
#.....## #.#
#####..# ##.##
##.#####...####
#..'...÷....[+
#######÷..####
##.## #.#


You could see 2 kobold demonologists, a red devil (summoned), 4 kobold brigands,
a quasit (summoned) and an ufetubus (summoned).

Vanquished Creatures
  3 kobold demonologists (D:7)
  Sigmund (D:3)
  Eustachio (D:5)
  3 yaks (D:5)
  Menkaure (D:5)
  A water moccasin (D:6)
  4 black bears
  A sky beast (D:7)
  An ice beast (D:5)
  3 ogres
  A centaur (D:5)
  A phantom (D:6)
  A kobold brigand (D:7)
  2 necrophages
  A bullfrog (D:6)
  A scorpion (D:4)
  A howler monkey (D:5)
  6 jellies
  9 hounds
  2 orc priests (D:4)
  A gnoll bouda (D:6)
  Jessica (D:2)
  Ijyb (D:3)
  5 orc wizards
  9 adders
  7 gnolls
  A river rat (Sewer)
  A white imp (D:7)
  An ufetubus (D:6)
  2 worms (D:3)
  A dart slug (D:2)
  15 orcs
  16 endoplasms
  7 giant cockroaches
  10 goblins
  A hobgoblin (D:3)
  2 jackals (D:5)
  3 quokkas
  12 ball pythons
  4 bats
  9 frilled lizards
  6 kobolds
  7 rats
166 creatures vanquished.

Notes
Turn   | Place    | Note
-------+----------+-------------------------------------------
     0 | D:1      | Kinoniko the Ogre Berserker began the quest for the Orb.
     0 | D:1      | Reached XP level 1. HP: 24/24 MP: 1/1
     5 | D:1      | Found Lazeoso's Magic Scroll Boutique.
   137 | D:1      | Found a faded altar of an unknown god.
   238 | D:1      | Reached XP level 2. HP: 30/32 MP: 2/2
  1076 | D:2      | Reached skill level 4 in Axes
  1076 | D:2      | Reached XP level 3. HP: 33/39 MP: 3/3
  1538 | D:2      | Noticed Jessica
  1545 | D:2      | Killed Jessica
  1546 | D:2      | Reached XP level 4. HP: 39/48 MP: 4/4
  1714 | D:2      | Reached skill level 5 in Axes
  1725 | D:2      | Identified the ring "Jofualin" {*Slow rPois rC+ rN++ Dex+2}
  1973 | D:3      | Reached ** piety under Trog
  2005 | D:3      | Noticed Ijyb
  2021 | D:3      | Killed Ijyb
  2025 | D:3      | Found a stormy altar of Qazlal.
  2025 | D:3      | Found a shimmering blue altar of Sif Muna.
  2101 | D:3      | Found a glowing drain.
  2117 | D:3      | Reached XP level 5. HP: 54/54 MP: 5/5
  2128 | Sewer    | Entered a sewer
  2498 | Sewer    | Reached skill level 6 in Axes
  2675 | Sewer    | Reached XP level 6. HP: 62/62 MP: 6/6
  2742 | Sewer    | Found a viscous altar of Jiyva.
  3225 | D:3      | Found an iron altar of Okawaru.
  3333 | D:3      | Noticed Sigmund
  3346 | D:3      | Killed Sigmund
  3347 | D:3      | Reached skill level 7 in Axes
  3347 | D:3      | Reached XP level 7. HP: 70/70 MP: 7/7
  3490 | D:3      | Found a hide-covered altar of Uskayaw.
  3772 | D:4      | Reached skill level 8 in Axes
  4108 | D:4      | Reached *** piety under Trog
  4336 | D:4      | Reached skill level 9 in Axes
  4532 | D:4      | Found a white marble altar of Elyvilon.
  4532 | D:4      | Found a glowing silver altar of Zin.
  4534 | D:4      | Found a glowing golden altar of the Shining One.
  4805 | D:4      | Reached XP level 8. HP: 70/78 MP: 8/8
  5231 | D:5      | Entered Level 5 of the Dungeon
  5256 | D:5      | Reached skill level 10 in Axes
  5548 | D:5      | Found a hazy altar of Hepliaklqana.
  5756 | D:5      | Noticed Eustachio
  5771 | D:5      | Killed Eustachio
  5909 | D:5      | Noticed Menkaure
  5922 | D:5      | Killed Menkaure
  5923 | D:5      | Reached skill level 11 in Axes
  6591 | D:5      | Found a burning altar of Makhleb.
  6591 | D:5      | Noticed a yak
  6591 | D:5      | Noticed a yak
  6591 | D:5      | Noticed a yak
  6601 | D:5      | Killed a yak
  6602 | D:5      | Reached XP level 9. HP: 84/84 MP: 9/9
  6618 | D:5      | Reached skill level 12 in Axes
  6920 | D:5      | Noticed Destapler's ghost (novice TrFi)
  6921 | D:5      | Found a transporter.
  7062 | D:5      | Found a blossoming altar of Fedhas.
  7064 | D:5      | Found a shimmering altar of Xom.
  7144 | D:5      | Found a transporter.
  7727 | D:6      | Found a bloodstained altar of Trog.
  7739 | D:6      | Reached skill level 1 in Shields
  8108 | D:6      | Found a staircase to the Ecumenical Temple.
  8116 | D:6      | Reached skill level 13 in Axes
  9274 | D:7      | Found the +7 Throatcutter {drain, coup de grace}
  9274 | D:7      | Noticed a kobold demonologist
  9274 | D:7      | Noticed a kobold demonologist
  9274 | D:7      | Noticed a kobold demonologist
  9274 | D:7      | Noticed a kobold demonologist
  9274 | D:7      | Noticed a kobold demonologist
  9276 | D:7      | Noticed a hellwing
  9285 | D:7      | Killed a kobold demonologist
  9286 | D:7      | Reached XP level 10. HP: 92/92 MP: 10/10
  9293 | D:7      | Killed a kobold demonologist
  9296 | D:7      | Noticed an orange demon
  9296 | D:7      | Killed a kobold demonologist
  9300 | D:7      | HP: 3/138 [red devil/+0 trident[a kobold demonologist] (7)]
  9302 | D:7      | Slain by a kobold demonologist

Illustrated notes

Levels and vault maps discovered:
D:1:      eino_arrival_tree_alley, layout_loops_ring, serial_shops, shop,
          hellmonk_ecumenical_altar_lost_god
D:2:      layout_basic, corexii_shack, uniq_jessica
D:3:      layout_basic, nicolae_uskayaw_suspiria,
          gammafunk_temple_overflow_statue, lemuel_round_altar,
          cheibrodos_sewer_entry_drain, nicolae_figureground_sparkle,
          uniq_sigmund, uniq_ijyb
D:4:      layout_cave_pods, dreamdust_divine_triumvirate
D:5:      layout_loops_ring, nicolae_overflow_hidden_temple,
          kennysheep_little_box, jmf_multi_god_temple, gammafunk_ghost_smash,
          uniq_menkaure, uniq_eustachio
D:6:      layout_layer_cave, trog_ov_bears_minmay, temple_green
D:7:      layout_rooms, mainiacjoe_overflow_alcove_2,
          dilly_guarded_unrand_throatcut

Skill      XL: |  1  2  3  4  5  6  7  8  9 10 |
---------------+-------------------------------+-----
Axes           | 4 5 6 7 9 11 13 | 13.9
Shields        | 3 4 |  4.1
Fighting       | |  4.0
Dodging        | |  2.6

Action                   |  1- 3 |  4- 6 |  7- 9 | 10-12 || total
-------------------------+-------+-------+-------+-------++-------
Melee: Hand axe          |    73 |   147 |   387 |    17 ||   624
       Punch             |       |     1 |     3 |       ||     4
Invok: Berserk           |       |     8 |    15 |       ||    23
       Trog's Hand       |       |       |     1 |       ||     1
  Use: Scroll            |       |     4 |     3 |       ||     7
       Potion            |       |       |     2 |       ||     2
Armor: Animal skin       |    24 |    44 |    68 |     3 ||   139
Dodge: Dodged            |    24 |    61 |   166 |     7 ||   258

Table legend: (Time is in decaauts)
 A = Elapsed time spent in this place.
 B = Non-inter-level travel time spent in this place.
 C = Inter-level travel time spent in this place.
 D = Time resting spent in this place.
 E = Time spent auto-exploring this place.
 F = Levels seen in this place.
 G = Mean time per level.
                   A        B        C        D        E       F      G
               +--------+--------+--------+--------+--------+-----+--------+
         Total |   9455 |   9116 |    339 |   1940 |   6073 |   8 | 1181.9 |
       Dungeon |   8469 |   8130 |    339 |   1443 |   5774 |   7 | 1209.9 |
         Sewer |    986 |    986 |      0 |    496 |    299 |   1 |  986.0 |
               +--------+--------+--------+--------+--------+-----+--------+

Top non-repeatable levels by time:
     D:5: 2018 daAuts
     D:6: 1838 daAuts
     D:4: 1533 daAuts
     D:3: 1047 daAuts
     D:2: 1041 daAuts
   Sewer: 986 daAuts
     D:1: 805 daAuts
     D:7: 184 daAuts
